 Dungeon Crawl Stone Soup version 0.24-a0-762-gca426f56c8 (webtiles) character file.

Game seed: 1287788786132276319, levelgen mode: deterministic

79 Kohma the Sneak (level 4, -1/24 HPs)
             Began as a Kobold Enchanter on Oct 3, 2019.
             Killed from afar by an orc wizard (7 damage)
             ... with a magic dart
             ... on level 3 of the Dungeon.
             The game lasted 00:14:45 (4391 turns).

Kohma the Sneak (Kobold Enchanter)                  Turns: 4391, Time: 00:14:45

Health: -1/24      AC:  3    Str:  5    XL:     4   Next: 64%
Magic:  7/8        EV: 15    Int: 17    God:
Gold:   118        SH:  0    Dex: 15    Spells: 2/8 levels left

rFire    . . .     SeeInvis .   a - +1 dagger
rCold    . . .     Gourm    .   (shield restricted)
rNeg     . . .     Faith    .   b - +0 robe
rPois    .         Spirit   .   y - +0 helmet
rElec    .         Reflect  .   (no cloak)
rCorr    .         Harm     .   (no gloves)
MR       .....                  (no boots)
Stlth    +++.......             (no amulet)
HPRegen  0.08/turn              (no ring)
MPRegen  0.11/turn              (no ring)

@: no status effects
A: small, carnivore
a: no special abilities


You were on level 3 of the Dungeon.
You were very full.

You visited 1 branch of the dungeon, and saw 3 of its levels.

You collected 118 gold pieces.

Inventory:

Hand Weapons
 a - a +1 dagger (weapon)
 s - a +1 dagger of pain
Missiles
 c - 96 stones
 f - 34 sling bullets
 p - 7 datura-tipped darts
 w - 3 poisoned darts (quivered)
Armour
 b - a +0 robe (worn)
 j - a +0 leather armour
 y - a +0 helmet (worn)
Jewellery
 n - a cursed ring of attention {unknown}
 v - a cursed -6 ring of strength {unknown}
Wands
 t - a wand of digging (4)
Scrolls
 e - 3 scrolls of identify {unknown}
 h - 2 scrolls of teleportation {unknown}
 i - a scroll of fog {unknown}
 m - a scroll of amnesia {unknown}
 u - a scroll of magic mapping {unknown}
 x - a scroll of fear {unknown}
Potions
 g - a potion of agility {unknown}
 k - 2 potions of resistance {unknown}
 l - a potion of brilliance {unknown}
 o - a potion of degeneration {unknown}
 q - a potion of flight {unknown}
 r - a potion of cancellation {unknown}
 z - a potion of haste {unknown}
Comestibles
 d - 6 rations


   Skills:
 * Level 3.2 Short Blades
 + Level 2.8 Dodging
 + Level 4.4 Stealth
 + Level 2.7 Spellcasting
 * Level 3.7 Hexes


You had 2 spell levels left.
You knew the following spells:

 Your Spells              Type           Power        Failure   Level  Hunger
a - Corona                Hex            ##.....      4%          1    #......
b - Ensorcelled Hibernat  Hex/Ice        #.....       13%         2    ##.....
c - Confuse               Hex            ##......     12%         3    ###....

Your spell library contained the following spells:

 Spells                   Type           Power        Failure   Level  Hunger
 Tukima's Dance           Hex            ##......     12%         3    ###....
 Dazzling Spray           Conj/Hex       #.....       26%         3    ###....


Dungeon Overview and Level Annotations

Branches:
Dungeon (3/15)

Altars:
Elyvilon
Okawaru
Xom


Innate Abilities, Weirdness & Mutations

You are small and have problems with some larger weapons.
You are carnivorous and can eat meat at any time.


Message History

The jackal is severely wounded.
The jackal looks more healthy.
The jackal bites you but does no damage.
You hit the jackal.
You kill the jackal!
The orc looks more healthy.
A magic dart appears from out of thin air!
The magic dart hits you.
You hear some strange, mumbled words.
You are confused.
You bump into the rock wall.
You bump into the rock wall.
You bump into the rock wall.
Something hits you.
You feel less confused.
A magic dart appears from out of thin air!
The magic dart hits you!
* * * LOW HITPOINT WARNING * * *
A magic dart appears from out of thin air!
The magic dart hits you!
You die...

#(..(.(ggo.o...# #.#
#.############g# #.####
##.#### #.# #####.##..
#shg..# #o# ..#.......
#.o...# #.# #.#.#.##..
##o....# #o# #.#.#.##..
...o...# #.# #.#.#.....
#.....g# #.# # #.#.######
....###h... #@#.#####.#.#
#.. ##..#
h...#####.#.......#.####.#
.....
...+.................)...
###..#
..#.###.#########.####+#
#..# #.# #.#..... #..# #.#
#.#..... .#.# #.# #.#.....
# #. ###'####### #.#....รท
#.......... #.#.....


You could see 2 orcs and a hobgoblin.

Vanquished Creatures
  2 dart slugs
  A leopard gecko (D:1)
  2 orcs (D:3)
  9 bats
  7 giant cockroaches
  9 goblins
  6 hobgoblins
  5 jackals
  3 quokkas (D:2)
  2 frilled lizards
  11 kobolds
  9 rats
66 creatures vanquished.

Notes
Turn   | Place    | Note
-------+----------+-------------------------------------------
     0 | D:1      | Kohma the Kobold Enchanter began the quest for the Orb.
     0 | D:1      | Reached XP level 1. HP: 10/10 MP: 3/3
   145 | D:1      | Reached XP level 2. HP: 13/15 MP: 5/5
   333 | D:1      | Learned a level 2 spell: Ensorcelled Hibernation
   973 | D:1      | Reached XP level 3. HP: 19/19 MP: 6/6
  2177 | D:2      | Found a shimmering altar of Xom.
  2421 | D:2      | Reached XP level 4. HP: 23/24 MP: 2/7
  3184 | D:2      | Found a white marble altar of Elyvilon.
  3795 | D:2      | Learned a level 3 spell: Confuse
  4009 | D:3      | Found an iron altar of Okawaru.
  4391 | D:3      | Killed from afar by an orc wizard

Levels and vault maps discovered:
D:1:      mrwooster_arrival_statue_2, layout_loops_corners
D:2:      layout_rooms, xom_redecorated, elyvilon_altar_3, first_ration,
          st_stairs_14
D:3:      layout_basic, okawaru_gym_becter

Skill      XL: |  1  2  3  4 |
---------------+-------------+-----
Short Blades   | 2 3 |  3.2
Dodging        | |  2.8
Stealth        | |  4.4
Spellcasting   | |  2.7
Hexes          | |  3.7

Action                   |  1- 3 |  4- 6 || total
-------------------------+-------+-------++-------
Melee: Dagger            |   155 |    79 ||   234
Throw: Stone             |     5 |       ||     5
       Dart              |       |    11 ||    11
 Cast: Ensorcelled Hiber |    26 |    28 ||    54
 Stab: Sleeping          |    25 |     5 ||    30
       Distracted        |     1 |       ||     1
  Eat: Chunk             |    14 |     8 ||    22
Armor: Robe              |    16 |    17 ||    33
Dodge: Dodged            |   112 |   112 ||   224

Table legend:
 A = Non-vault XP
 B = Vault XP
 C = Vault XP percentage of total XP
 D = Non-vault monster count
 E = Vault monster count
 F = Vault count percentage of total count
                 A         B        C        D         E       F
            +---------+---------+-------+---------+---------+-------
      Total |     111 |       3 |   2.6 |      64 |       2 |   3.0
            +---------+---------+-------+---------+---------+-------
        D:1 |      46 |       0 |   0.0 |      27 |       0 |   0.0
        D:2 |      37 |       3 |   7.5 |      23 |       2 |   8.0
        D:3 |      28 |       0 |   0.0 |      14 |       0 |   0.0
            +---------+---------+-------+---------+---------+-------
